 Dungeon Crawl Stone Soup version 0.28-a0-1415-g7c84da036a (webtiles) character file.

Game seed: 12806060214732161499

140 bande the Covered (level 5, -1/33 HPs)
             Began as a Gargoyle Fighter on Jan 8, 2022.
             Splashed by a jelly's acid (6 damage)
             ... on level 6 of the Dungeon.
             The game lasted 00:04:25 (2904 turns).

bande the Covered (Gargoyle Fighter)                Turns: 2904, Time: 00:04:26

Health: -1/33      AC: 13    Str: 20    XL:     5   Next: 23%
Magic:  5/5        EV:  7    Int:  6    God:
Gold:   72         SH:  9    Dex: 11    Spells: 4/4 levels left

rFire   . . .      SeeInvis .   a - +0 war axe
rCold   + + .      Faith    .   c - +0 buckler
rNeg    + . .      Spirit   .   f - +0 chain mail
rPois   ∞          Reflect  +   (no helmet)
rElec   +          Harm     .   (no cloak)
rCorr   .          Rampage  .   (no gloves)
Will    .....                   (no boots)
Stlth   ..........              j - amulet of reflection
HPRegen 0.11/turn               n - ring "Revujoquo" {Wiz +Blink rPois rC++ Stlth-}
MPRegen 0.09/turn               (no ring)

@: no status effects
A: sickness immunity, AC +4, negative energy resistance 1, electricity
resistance, torment resistance 1, petrification resistance, dopey 1
a: Evoke Blink


You were on level 6 of the Dungeon.
You visited 1 branch of the dungeon, and saw 4 of its levels.

You collected 72 gold pieces.

Inventory:

Hand Weapons
 a - a +0 war axe (weapon)
 i - a +4 mace
 l - a +0 war axe
Armour
 c - a +0 buckler (worn)
 f - a +0 chain mail (worn)
Jewellery
 j - an amulet of reflection (around neck)
 n - the ring "Revujoquo" (left hand) {Wiz +Blink rPois rC++ Stlth-}
   (You found it on level 2 of the Dungeon)

   [ring of wizardry]

   It improves your spell success rate.
   rC:        It greatly protects you from cold.
   rPois:     It protects you from poison.
   +Blink:    It lets you blink.
   Stlth:     It makes you less stealthy.
Scrolls
 h - 2 scrolls of fear
 k - a scroll of immolation {unknown}
Potions
 b - a potion of mutation
 d - 2 potions of might
 e - 3 potions of degeneration {unknown}
 g - a potion of flight {unknown}
 m - a potion of curing {unknown}
 o - a potion of attraction {unknown}


   Skills:
 + Level 4.1 Fighting
 + Level 3.3 Axes
 + Level 4.3 Armour
 + Level 3.7 Shields


You had 4 spell levels left.
You didn't know any spells.
Your spell library contained the following spells:

 Spells                   Type           Power      Damage    Failure   Level
 Magic Dart               Conj           0%         1d3       92%         1
 Call Imp                 Summ           0%         N/A       98%         2
 Corpse Rot               Necr/Air       0%         N/A       98%         2
 Poisonous Vapours        Pois/Air       0%         N/A       98%         2
 Mephitic Cloud           Conj/Pois/Air  0%         N/A       99%         3
 Airstrike                Air            0%         N/A       100%        4
 Summon Lightning Spire   Summ/Air       0%         N/A       100%        4
 Alistair's Intoxication  Tmut/Pois      0%         N/A       100%        5
 Borgnjor's Vile Clutch   Necr/Erth      0%         N/A       100%        5
 Lightning Bolt           Conj/Air       0%         1d11      100%        5
 Eringya's Noxious Bog    Tmut/Pois      0%         N/A       100%        6


Dungeon Overview and Level Annotations

Branches:
Dungeon (3/15)

Altars:

Shops:
D:1 (


Innate Abilities, Weirdness & Mutations

You are immune to sickness and miasma.
Your stone body is resilient. (AC +4)
You are immune to poison.
You resist negative energy. (rN+)
You are resistant to electric shocks. (rElec)
You are resistant to unholy torment.
You are immune to petrification.
You are dopey. (Int -2)


Message History

You barely miss the adder. You hit the adder.
The adder bites you but does no damage. x2; You block the adder's attack.
The bullfrog zombie hits you.
The adder bites you but does no damage. x3
The bullfrog zombie hits you.
You can't go up here!
Unknown command.
You can't go up here!
Unknown command.
You barely miss the adder. You closely miss the adder.
You barely miss the adder. You hit the bullfrog zombie.
You block the adder's attack. The adder barely misses you.
The adder bites you but does no damage.
The bullfrog zombie hits you but does no damage.
You block the adder's attack. x2; The adder bites you.
Unknown command.
You hit the adder.
The adder is heavily wounded.
You hit the bullfrog zombie. You slash the adder!
You kill the adder!
You hit the adder.
The bullfrog zombie hits you but does no damage.
You block the adder's attack. The adder bites you but does no damage.
You block the bullfrog zombie's attack. The jelly hits you but does no damage.
You barely miss the adder.
The adder is heavily wounded.
You slash the bullfrog zombie! You hit the jelly.
Your hands burn!
You hit the adder. You block the adder's attack. x2
The bullfrog zombie hits you. You block the adder's attack.
The bullfrog zombie hits you. The jelly hits you but does no damage.
The adder bites you but does no damage.
It was a potion of mutation.
You feel extremely strange.
You feel stupid. You block the adder's attack. The adder bites you.
* * * LOW HITPOINT WARNING * * *
The bullfrog zombie hits you.
* * * LOW HITPOINT WARNING * * *
The jelly hits you.
* * * LOW HITPOINT WARNING * * *
You are splashed with acid.
You die...

#....#######
#.........(#
.........[#
#.....$...#
#.........#
#.........#
#..JS.....#
#.†@S.....#
#...Z.....#
###########


You could see a jelly, 2 adders and a bullfrog zombie.

Vanquished Creatures
  Natasha (twice) (D:3)
  5 adders
  A worm (D:2)
  A dart slug (D:1)
  3 endoplasms (D:1)
  3 giant cockroaches
  A goblin (D:2)
  A hobgoblin (D:2)
  6 jackals
  5 kobolds (D:1)
  2 quokkas (D:1)
  4 ball pythons
  4 bats (D:1)
  A frilled lizard (D:2)
  4 rats
43 creatures vanquished.

Notes
Turn   | Place    | Note
-------+----------+-------------------------------------------
     0 | D:1      | bande the Gargoyle Fighter began the quest for the Orb.
     0 | D:1      | Reached XP level 1. HP: 14/14 MP: 1/1
    80 | D:1      | Found a faded altar of an unknown god.
   123 | D:1      | Reached XP level 2. HP: 19/19 MP: 2/2
   377 | D:1      | Found Gewutiaq's Antique Weapon Shop.
   774 | D:1      | Reached XP level 3. HP: 18/24 MP: 3/3
  1810 | D:2      | Reached XP level 4. HP: 17/29 MP: 4/4
  2356 | D:2      | Identified the ring "Revujoquo" {Wiz +Blink rPois rC++
                  | Stlth-}
  2745 | D:3      | Noticed Natasha
  2754 | D:3      | Killed Natasha
  2841 | D:3      | Noticed Natasha
  2846 | D:3      | Killed Natasha
  2847 | D:3      | Reached XP level 5. HP: 33/33 MP: 5/5
  2896 | D:3      | You fall into a shaft and drop 3 floors!
  2904 | D:6      | Gained mutation: You are dopey. (Int -2) [potion of
                  | mutation]
  2904 | D:6      | Splashed by a jelly's acid

Illustrated notes

Levels and vault maps discovered:
D:1:      dpeg_arrival_signposts, layout_loops_ring, serial_shops,
          nicolae_shop_trees, basic_ecumenical_altar, minmay_misc_feat_columns,
          minmay_pentomino_v2
D:2:      layout_basic
D:3:      layout_loops_cross, lemuel_zombie_altar_kikubaaqudgha, uniq_sigmund,
          uniq_natasha, uniq_grinder
D:6:      layout_basic, ashenzari_altar_1, uniq_menkaure

Skill      XL: |  1  2  3  4 |
---------------+-------------+-----
Axes           | 2 3 |  3.3
Fighting       | 4 |  4.1
Armour         | 4 |  4.3
Shields        | |  3.7

Action                   |  1- 3 |  4- 6 || total
-------------------------+-------+-------++-------
Melee: War axe           |    96 |    34 ||   130
  Use: Scroll            |     2 |       ||     2
       Potion            |       |     1 ||     1
Armor: Scale mail        |     6 |       ||     6
       Chain mail        |    47 |    27 ||    74
Dodge: Dodged            |    46 |    13 ||    59
Block: Buckler           |    18 |    28 ||    46

Table legend: (Time is in decaauts)
 A = Elapsed time spent in this place.
 B = Non-inter-level travel time spent in this place.
 C = Inter-level travel time spent in this place.
 D = Time resting spent in this place.
 E = Time spent auto-exploring this place.
 F = Levels seen in this place.
 G = Mean time per level.
                   A        B        C        D        E       F      G
               +--------+--------+--------+--------+--------+-----+--------+
         Total |   2966 |   2843 |    123 |    507 |   1956 |   4 |  741.5 |
       Dungeon |   2966 |   2843 |    123 |    507 |   1956 |   4 |  741.5 |
               +--------+--------+--------+--------+--------+-----+--------+

Top non-repeatable levels by time:
     D:2: 1427 daAuts
     D:1: 1348 daAuts
     D:3: 179 daAuts
     D:6: 10 daAuts
